 Dungeon Crawl Stone Soup version 0.20-a0-426-gc811625 (webtiles) character file.

7937 mechtar the Arsonist (level 11, 0/54 HPs)
             Began as a Deep Elf Fire Elementalist on Dec 31, 2016.
             Was an Initiate of Vehumet.
             Killed from afar by ordcoder's ghost (18 damage)
             ... with a stone arrow
             ... on level 1 of the Lair of Beasts.
             The game lasted 00:56:42 (9396 turns).

mechtar the Arsonist (Deep Elf Fire Elementalist)   Turns: 9396, Time: 00:56:43

Health: 0/54       AC:  6    Str:  5    XL:     11   Next: 3%
Magic:  9/23       EV:  2    Int: 24    God:    Vehumet [......]
Gold:   410        SH:  0    Dex: 15    Spells: 8/26 levels left

rFire  . . .     SeeInvis .     o - staff of wizardry
rCold  . . .     Gourm    .     a - +1 robe
rNeg   + + +     Faith    .     (no shield)
rPois  ∞         Spirit   .     (helmet restricted)
rElec  .         Reflect  .     n - +1 cloak
rCorr  .         Harm     +     E - +0 pair of gloves (curse)
MR     +....                    (no boots)
Stlth  ++........               u - amulet of harm
                                (no ring)
                                r - ring of poison resistance

@: petrified
A: horns 1, low mp 1, sense surroundings 1, slow regeneration 1
a: Renounce Religion


You were on level 1 of the Lair of Beasts.
You worshipped Vehumet.
Vehumet was noncommittal.
You were hungry.

You visited 3 branches of the dungeon, and saw 12 of its levels.

You collected 410 gold pieces.

Inventory:

Hand Weapons
 j - a +3 dagger of distortion
 x - a +2 dagger of draining
 H - the +6 war axe of Deformation {chop, rElec}
   (You took it off an orc on level 7 of the Dungeon)

   It inflicts extra damage upon your enemies.
   It insulates you from electricity.
Armour
 a - a +1 robe (worn)
 n - a +1 cloak (worn)
 w - the +0 ring mail of Experimentation {rElec Str+9}
   (You found it on level 4 of the Dungeon)

   It affects your strength (+9).
   It insulates you from electricity.
 y - a +0 cloak of invisibility
 E - a cursed +0 pair of gloves (worn)
Magical Staves
 o - an uncursed staff of wizardry (weapon)
 I - an uncursed staff of fire {unknown}
Jewellery
 d - an uncursed ring of ice
 r - a ring of poison resistance (left hand)
 u - an amulet of harm (around neck)
Wands
 h - a wand of paralysis (15/24)
 i - a wand of paralysis (9/24)
 B - a wand of disintegration (18/24)
 C - a wand of iceblast (5/15)
Scrolls
 e - a scroll of magic mapping
 m - a scroll of enchant weapon
 p - a scroll of fog
 t - 6 scrolls of remove curse
 z - 2 scrolls of teleportation
 A - a scroll of enchant armour
Potions
 f - 2 potions of haste
 l - a potion of berserk rage
 s - 2 potions of curing
 v - a potion of cure mutation
 G - 2 potions of degeneration {unknown}
Books
 b - a book of Flames

   Spells                             Type                      Level
   a - Flame Tongue                   Conjuration/Fire             1
   b - Throw Flame                    Conjuration/Fire             2
   c - Conjure Flame                  Conjuration/Fire             3
   d - Inner Flame                    Hexes/Fire                   3
   e - Sticky Flame                   Conjuration/Fire             4
   f - Fireball                       Conjuration/Fire             5
 F - a book of Minor Magic

   Spells                             Type                      Level
   a - Magic Dart                     Conjuration                  1
   b - Blink                          Translocation                2
   c - Call Imp                       Summoning                    2
   d - Repel Missiles                 Charms/Air                   2
   e - Slow                           Hexes                        2
   f - Conjure Flame                  Conjuration/Fire             3
   g - Mephitic Cloud                 Conjuration/Poison/Air       3
Comestibles
 c - 7 bread rations
 g - 4 meat rations
 k - 2 chunks of flesh
 q - 2 beef jerkies
 D - 4 fruits


   Skills:
 - Level 2.4 Dodging
 - Level 2.4 Stealth
 + Level 8.3 Spellcasting
 * Level 12.2 Conjurations
 * Level 12.4 Fire Magic


You had 8 spell levels left.
You knew the following spells:

 Your Spells              Type           Power        Failure   Level  Hunger
a - Flame Tongue          Conj/Fire      #####        1%          1    None
b - Conjure Flame         Conj/Fire      ######..     1%          3    None
c - Sticky Flame          Conj/Fire      ######..     1%          4    ##.....
d - Fireball              Conj/Fire      ######....   1%          5    ####...
e - Blink                 Tloc           N/A          4%          2    None
f - Repel Missiles        Chrm/Air       ##....       4%          2    None
g - Magic Dart            Conj           ####         1%          1    None


Dungeon Overview and Level Annotations

Branches:
Dungeon (10/15)            Temple (1/1) D:5            Lair (1/6) D:8
    Orc: D:9-12

Altars:
Ashenzari
Cheibriados
Dithmenos
Elyvilon
Fedhas
Gozag
Hepliaklqana
Kikubaaqudgha
Makhleb
Nemelex Xobeh
Okawaru
Qazlal
Ru
Sif Muna
Trog
Uskayaw
Vehumet
Xom
Yredelemnul
Zin

Annotations:
Lair:1 ordcoder's ghost, journeyman OgEE


Innate Abilities, Weirdness & Mutations

You have a pair of small horns on your head.
Your magical capacity is low. (-10% MP)
You passively map a small area around you.
You regenerate slowly when monsters are visible.


Message History

Confirm with . or Enter, or press ? or * to list all spells.
Aiming: Fireball
Press: ? - help, Shift-Dir - straight line, f/p - ordcoder's ghost
Aim: ordcoder's ghost, wielding a weapon of protection (lightly damaged)
The fireball explodes!
The fireball engulfs ordcoder's ghost.
Ordcoder's ghost resists.
Ordcoder's ghost is moderately damaged.
Ordcoder's ghost points at you and mumbles some strange words.
The stone arrow hits you!
Ordcoder's ghost screams, "They lied to you.
The Dungeon just goes down and down forever."
You have turned to stone.
Ordcoder's ghost gestures at you while chanting.
The stone arrow hits you!
Ordcoder's ghost keens inconsolably.
Ordcoder's ghost casts a spell at you. The blast of sand hits you!
Ordcoder's ghost hits you.
Ordcoder's ghost points at you and mumbles some strange words.
The stone arrow hits you!
You die...

, * ........###
#.......#.##
#.........P####*
*
.............#P#
,...............*
* #............
,* *
#.W......#... ,,
*#@......## **
#........## , ,
#...#.....## *
#....#.....#
##...##.....
#...#......
#....# * #P.<.# *
, ##...#,*


You could see ordcoder's ghost.

Vanquished Creatures
  A two-headed ogre (D:8)
  A centaur zombie (D:10)
  Joseph (D:8)
  7 yaks
  A basilisk (D:8)
  Menkaure (D:4)
  4 porcupines (D:8)
  A phantom (D:4)
  7 orc warriors (D:7)
  A sky beast (D:5)
  10 ogres
  An eye of draining (D:7)
  3 centaurs
  A necrophage (D:9)
  3 crocodiles (D:8)
  3 big kobolds
  4 bullfrogs
  2 scorpions (D:4)
  3 howler monkeys
  15 wights
  A bullfrog zombie (D:7)
  6 orc wizards
  Crazy Yiuf (D:4)
  2 gnoll shamans (D:7)
  3 jellies
  8 orc priests
  A centaur skeleton (D:4)
  3 hounds
  3 bullfrog skeletons
  2 iguanas
  4 worker ants
  A hound skeleton (D:7)
  A worker ant zombie (D:5)
  A howler monkey zombie (D:8)
  Robin (D:4)
  A howler monkey skeleton (D:6)
  11 adders
  16 gnolls
  5 shadow imps
  2 oozes
  An adder skeleton (D:7)
  6 worms
  6 leopard geckos
  28 orcs
  3 ball pythons
  16 goblins
  8 hobgoblins
  11 jackals
  3 quokkas
  9 bats
  7 frilled lizards
  7 kobolds
  A leopard gecko skeleton (D:7)
  8 rats
  A bush (D:8)
  8 plants (D:7)
266 creatures vanquished.

Vanquished Creatures (others)
  A goblin (D:4)
  A quokka (D:7)
  6 fungi
  12 plants
20 creatures vanquished.

Grand Total: 286 creatures vanquished

Notes
Turn   | Place    | Note
-------+----------+-------------------------------------------
     0 | D:1      | mechtar the Deep Elf Fire Elementalist began the quest for the Orb.
     0 | D:1      | Reached XP level 1. HP: 10/10 MP: 6/6
     2 | D:1      | Noticed a demigod
     2 | D:1      | Noticed an octopode
     4 | D:1      | Noticed a felid
     6 | D:1      | Noticed a human
     6 | D:1      | Noticed a demonspawn
     8 | D:1      | Noticed a draconian
     8 | D:1      | Noticed a dwarf
    10 | D:1      | Noticed a gargoyle
    12 | D:1      | Noticed a merfolk
    12 | D:1      | Noticed a naga
    14 | D:1      | Noticed a tengu
    16 | D:1      | Noticed a centaur
    16 | D:1      | Noticed a formicid
    18 | D:1      | Noticed a troll
    18 | D:1      | Noticed a minotaur
    20 | D:1      | Noticed an ogre
    20 | D:1      | Noticed a spriggan
    22 | D:1      | Noticed a halfling
    22 | D:1      | Noticed an elf
    24 | D:1      | Noticed a vampire
    24 | D:1      | Noticed a vine stalker
    26 | D:1      | Noticed a ghoul
   252 | D:1      | Reached XP level 2. HP: 15/15 MP: 5/8
   511 | D:1      | Reached XP level 3. HP: 19/19 MP: 3/9
   750 | D:2      | Found a sparkling altar of Nemelex Xobeh.
  1276 | D:3      | Learned a level 3 spell: Conjure Flame
  1398 | D:3      | Reached XP level 4. HP: 24/24 MP: 7/10
  1404 | D:3      | Learned a level 4 spell: Sticky Flame
  1543 | D:3      | Reached skill level 5 in Fire Magic
  1545 | D:3      | Reached XP level 5. HP: 28/28 MP: 2/11
  2137 | D:5      | Entered Level 5 of the Dungeon
  2156 | D:4      | Noticed an ogre
  2167 | D:4      | Killed an ogre
  2167 | D:4      | Reached XP level 6. HP: 32/32 MP: 5/12
  2362 | D:4      | Reached skill level 5 in Conjurations
  2392 | D:4      | Found a stormy altar of Qazlal.
  2403 | D:4      | Reached XP level 7. HP: 36/36 MP: 1/13
  2493 | D:4      | Noticed Robin
  2507 | D:4      | Killed Robin
  2683 | D:4      | Found an opulent altar of Gozag.
  2701 | D:4      | Got a distressingly furry ring mail
  2712 | D:4      | Identified the +0 ring mail of Experimentation {rElec Str+9} (You found it on level 4 of the Dungeon)
  3244 | D:4      | Found a runed door.
  3248 | D:4      | Noticed Crazy Yiuf
  3254 | D:4      | Killed Crazy Yiuf
  3372 | D:4      | Noticed Menkaure
  3375 | D:4      | Killed Menkaure
  3421 | D:5      | Reached XP level 8. HP: 41/41 MP: 3/14
  3454 | D:5      | Found a staircase to the Ecumenical Temple.
  3463 | Temple   | Entered the Ecumenical Temple
  3950 | D:5      | Learned a level 5 spell: Fireball
  4286 | D:5      | Gained mutation: You have a pair of small horns on your head. [potion of mutation]
  4286 | D:5      | Gained mutation: You regenerate slowly when monsters are visible. [potion of mutation]
  4907 | D:6      | Reached XP level 9. HP: 45/45 MP: 10/16
  4942 | D:6      | Learned a level 2 spell: Blink
  5221 | D:7      | Got a slimy war axe {chop}
  5222 | D:7      | Identified the +6 war axe of Deformation {chop, rElec} (You took it off an orc on level 7 of the Dungeon)
  5248 | D:7      | Gained mutation: You passively map a small area around you. [mutagenic glow]
  5275 | D:7      | Gained mutation: Your magical capacity is low. (-10% MP) [mutagenic glow]
  5482 | D:7      | Found a white marble altar of Elyvilon.
  5855 | D:7      | Reached skill level 10 in Fire Magic
  5992 | D:7      | Learned a level 2 spell: Repel Missiles
  6125 | D:7      | Reached skill level 5 in Spellcasting
  6131 | D:7      | Reached skill level 10 in Conjurations
  6407 | D:7      | You fall through a shaft for 3 floors!
  6407 | D:10     | Entered Level 10 of the Dungeon
  6764 | D:10     | Found a sacrificial altar of Ru.
  6986 | D:8      | Reached XP level 10. HP: 14/50 MP: 9/19
  7237 | D:8      | Noticed Joseph
  7401 | D:8      | Killed Joseph
  7605 | D:8      | Found a snail-covered altar of Cheibriados.
  8719 | D:8      | Noticed a two-headed ogre
  9072 | D:8      | Learned a level 1 spell: Magic Dart
  9084 | D:8      | Found a radiant altar of Vehumet.
  9089 | D:8      | Became a worshipper of Vehumet
  9119 | D:8      | Killed a two-headed ogre
  9209 | D:8      | Reached XP level 11. HP: 41/54 MP: 8/22
  9293 | D:8      | Found a staircase to the Lair.
  9377 | Lair:1   | Entered Level 1 of the Lair of Beasts
  9388 | Lair:1   | Noticed ordcoder's ghost (journeyman OgEE)
  9396 | Lair:1   | Killed from afar by ordcoder's ghost

Vault maps used:
D:1:      kb_arrival_jail
D:2:      nemelex_xobeh_ov_fountains_minmay
D:3:      first_bread, minmay_misc_feat_rows
D:4:      old_standard_altar, old_standard_altar, uniq_robin, uniq_menkaure,
          uniq_crazy_yiuf_cottage
D:7:      kennysheep_seaside_town, elyvilon_altar_4
D:8:      nicolae_tso_swordbearing_angel, kennysheep_mini_moat,
          cheibrodos_worm_habitat, minmay_lair_entry_grove, uniq_joseph
D:9:      serial_shops, shop, minmay_misc_feat_secret_circle
D:10:     grunt_tengu_nest, nicolae_ru_the_path_less_chosen
Temple:   nicolae_temple_great_sept
Lair:1:   lemuel_fruit_fields, lemuel_fruit_tree, uniq_sonja

Skill      XL: |  1  2  3  4  5  6  7  8  9 10 |
---------------+-------------------------------+-----
Conjurations   | 2 3 4 5 7 9 10 12 | 12.2
Fire Magic     | 4 5 6 7 9 11 12 | 12.4
Spellcasting   | 6 8 |  8.3
Dodging        | |  2.4
Stealth        | |  2.4

Action                   |  1- 3 |  4- 6 |  7- 9 | 10-12 || total
-------------------------+-------+-------+-------+-------++-------
Melee: Dagger            |       |       |     9 |       ||     9
       War axe           |       |       |     4 |       ||     4
       Staff             |       |       |       |    15 ||    15
       Headbutt          |       |       |       |     3 ||     3
 Cast: Flame Tongue      |    67 |    60 |   247 |    83 ||   457
       Conjure Flame     |       |     3 |     6 |     4 ||    13
       Sticky Flame      |       |     3 |    19 |    12 ||    34
       Fireball          |       |       |     6 |    27 ||    33
       Blink             |       |       |     2 |     2 ||     4
  Use: Scroll            |       |    11 |     6 |       ||    17
       Potion            |       |       |     1 |     2 ||     3
  Eat: Chunk             |     1 |     4 |    19 |    14 ||    38
Armor: Robe              |       |     4 |     7 |     9 ||    20
Dodge: Dodged            |     7 |     6 |    39 |    19 ||    71
